 Dungeon Crawl Stone Soup version 0.22.1 (webtiles) character file.

218 JedernureinKreuz the Conjurer (level 5, -2/38 HPs)
             Began as a Gnoll Conjurer on Sept 17, 2018.
             Killed by divine providence
             ... invoked by an orc priest
              (14 damage)
             ... on level 4 of the Dungeon.
             The game lasted 00:12:48 (2424 turns).

JedernureinKreuz the Conjurer (Gnoll Conjurer)      Turns: 2424, Time: 00:12:48

Health: -2/38      AC:  4    Str: 10    XL:     5   Next: 95%
Magic:  3/12       EV: 14    Int: 18    God:
Gold:   118        SH:  0    Dex: 16    Spells: 6/14 levels left

rFire    . . .     SeeInvis .   w - +3 mace (crush)
rCold    . . .     Gourm    .   (no shield)
rNeg     . . .     Faith    .   e - +1 leather armour
rPois    .         Spirit   .   (no helmet)
rElec    .         Reflect  .   (no cloak)
rCorr    .         Harm     .   (no gloves)
MR       .....                  (no boots)
Stlth    +++.......             (no amulet)
HPRegen  0.12/turn              (no ring)
MPRegen  0.13/turn              (no ring)

@: no status effects
A: distributed training, fangs 1, strong nose
a: no special abilities


You were on level 4 of the Dungeon.
You were not hungry.

You visited 1 branch of the dungeon, and saw 4 of its levels.

You collected 118 gold pieces.

Inventory:

Hand Weapons
 b - a +0 club
 k - a +0 short sword
 w - a +3 mace of crushing (weapon)
Missiles
 n - 4 curare-tipped needles
 p - 10 poisoned needles
 x - 20 sling bullets
Armour
 a - a +0 robe
 e - a +1 leather armour (worn)
Scrolls
 f - a scroll of noise
 g - a scroll of identify
 j - a scroll of fear
 s - 2 scrolls of remove curse
 t - a scroll of enchant armour
Potions
 h - 2 potions of magic {unknown}
 o - a potion of curing {unknown}
 u - 2 potions of might
 v - a potion of cancellation {unknown}
Comestibles
 c - 9 rations


   Skills:
 + Level 1.6 Fighting
 + Level 1.6 Short Blades
 + Level 1.6 Long Blades
 + Level 1.6 Axes
 + Level 1.6 Maces & Flails
 + Level 1.6 Polearms
 + Level 1.6 Staves
 + Level 1.6 Slings
 + Level 1.6 Bows
 + Level 1.6 Crossbows
 + Level 1.6 Throwing
 + Level 1.6 Armour
 + Level 4.8 Dodging
 + Level 4.5 Stealth
 + Level 1.6 Shields
 + Level 1.6 Unarmed Combat
 + Level 5.2 Spellcasting
 + Level 7.2 Conjurations
 + Level 1.3 Hexes
 + Level 1.3 Charms
 + Level 1.3 Summonings
 + Level 1.3 Necromancy
 + Level 1.3 Translocations
 + Level 1.3 Transmutations
 + Level 1.3 Fire Magic
 + Level 1.3 Ice Magic
 + Level 1.3 Air Magic
 + Level 1.3 Earth Magic
 + Level 1.3 Poison Magic
 + Level 1.9 Invocations
 + Level 1.6 Evocations


You had 6 spell levels left.
You knew the following spells:

 Your Spells              Type           Power        Failure   Level  Hunger
a - Magic Dart            Conj           ####         1%          1    None
b - Iskenderun's Mystic   Conj           ####....     9%          4    ####...
c - Dazzling Spray        Conj/Hex       ###...       9%          3    ##.....

Your spell library contained the following spells:

 Spells                   Type           Power        Failure   Level  Hunger
 Searing Ray              Conj           ####..       1%          2    #......
 Force Lance              Conj/Tloc      ###.....     28%         4    ####...
 Fulminant Prism          Conj/Hex       ###.......   28%         4    ####...


Dungeon Overview and Level Annotations

Branches:
Dungeon (4/15)
 Temple: D:4-7

Altars:


Innate Abilities, Weirdness & Mutations

Your experience applies equally to all skills.
You have very sharp teeth.
Your uncanny sense of smell can sniff out nearby items.


Message History

The orc closely misses you.
You hit the orc but do no damage. The orc barely misses you.
The orc hits you with a dagger.
The orc priest calls upon Beogh to heal the orc.
The orc's wounds heal themselves!
You hit the orc.
The orc is heavily wounded.
The orc hits you with a dagger.
* * * LOW HITPOINT WARNING * * *
You hit the orc.
The orc is almost dead.
The orc misses you.
You barely miss the orc.
The orc is almost dead.
The orc hits you but does no damage. The orc misses you.
You barely miss the orc.
The orc is almost dead.
The orc priest invokes the aid of Beogh against you.
Beogh smites you!
You die... #......# #......# ....... #..... #.o.o oo.

#.# #o################
#oo@.............#
####################.#
#........# #.#
##.#####.# #.# ∆ #.#
#.# #.# #.#
#.###########.# #.#
#.............#
#.#####.#############
#.#......#


You could see an orc priest and 2 orcs.

Vanquished Creatures
  An orc wizard (D:4)
  Jessica (D:3)
  6 adders
  An ooze (D:3)
  3 worms
  2 dart slugs
  5 orcs
  5 giant cockroaches
  6 goblins
  7 hobgoblins
  20 kobolds
  2 quokkas (D:2)
  2 ball pythons (D:3)
  13 bats
  7 frilled lizards
  A quokka skeleton (D:4)
  15 rats
97 creatures vanquished.

Notes
Turn   | Place    | Note
-------+----------+-------------------------------------------
     0 | D:1      | JedernureinKreuz the Gnoll Conjurer began the quest for the
                  | Orb.
     0 | D:1      | Reached XP level 1. HP: 13/13 MP: 6/6
    88 | D:1      | Reached XP level 2. HP: 19/19 MP: 3/7
   712 | D:2      | Reached skill level 5 in Spellcasting
   712 | D:2      | Reached XP level 3. HP: 25/25 MP: 4/9
   715 | D:2      | Reached skill level 1 in Invocations
   872 | D:2      | Reached skill level 1 in Fighting
   872 | D:2      | Reached skill level 1 in Short Blades
   872 | D:2      | Reached skill level 1 in Long Blades
   872 | D:2      | Reached skill level 1 in Axes
   872 | D:2      | Reached skill level 1 in Maces & Flails
   872 | D:2      | Reached skill level 1 in Polearms
   872 | D:2      | Reached skill level 1 in Staves
   872 | D:2      | Reached skill level 1 in Slings
   872 | D:2      | Reached skill level 1 in Bows
   872 | D:2      | Reached skill level 1 in Crossbows
   872 | D:2      | Reached skill level 1 in Throwing
   872 | D:2      | Reached skill level 1 in Armour
   872 | D:2      | Reached skill level 1 in Shields
   872 | D:2      | Reached skill level 1 in Unarmed Combat
   872 | D:2      | Reached skill level 1 in Evocations
   927 | D:2      | Reached XP level 4. HP: 32/32 MP: 8/11
  1259 | D:2      | Reached skill level 1 in Hexes
  1259 | D:2      | Reached skill level 1 in Charms
  1259 | D:2      | Reached skill level 1 in Summonings
  1259 | D:2      | Reached skill level 1 in Necromancy
  1259 | D:2      | Reached skill level 1 in Translocations
  1259 | D:2      | Reached skill level 1 in Transmutations
  1259 | D:2      | Reached skill level 1 in Fire Magic
  1259 | D:2      | Reached skill level 1 in Ice Magic
  1259 | D:2      | Reached skill level 1 in Air Magic
  1259 | D:2      | Reached skill level 1 in Earth Magic
  1259 | D:2      | Reached skill level 1 in Poison Magic
  1699 | D:3      | Reached XP level 5. HP: 33/37 MP: 7/12
  2099 | D:3      | Learned a level 4 spell: Iskenderun's Mystic Blast
  2103 | D:3      | Learned a level 3 spell: Dazzling Spray
  2157 | D:3      | Noticed Jessica
  2178 | D:3      | Killed Jessica
  2424 | D:4      | Killed from afar by an orc priest

Skill      XL: |  1  2  3  4 |
---------------+-------------+-----
Spellcasting   | 5 |  5.2
Invocations    | 1 |  1.9
Fighting       | 1 |  1.6
Short Blades   | 1 |  1.6
Long Blades    | 1 |  1.6
Axes           | 1 |  1.6
Maces & Flails | 1 |  1.6
Polearms       | 1 |  1.6
Staves         | 1 |  1.6
Slings         | 1 |  1.6
Bows           | 1 |  1.6
Crossbows      | 1 |  1.6
Throwing       | 1 |  1.6
Armour         | 1 |  1.6
Shields        | 1 |  1.6
Unarmed Combat | 1 |  1.6
Evocations     | 1 |  1.6
Hexes          | 1 |  1.3
Charms         | 1 |  1.3
Summonings     | 1 |  1.3
Necromancy     | 1 |  1.3
Translocations | 1 |  1.3
Transmutations | 1 |  1.3
Fire Magic     | 1 |  1.3
Ice Magic      | 1 |  1.3
Air Magic      | 1 |  1.3
Earth Magic    | 1 |  1.3
Poison Magic   | 1 |  1.3
Dodging        | |  4.8
Stealth        | |  4.5
Conjurations   | |  7.2

Action                   |  1- 3 |  4- 6 || total
-------------------------+-------+-------++-------
Melee: Club              |    20 |       ||    20
       Bite              |     5 |     6 ||    11
       Short sword       |    27 |    40 ||    67
       Mace              |       |    15 ||    15
 Cast: Magic Dart        |    47 |    83 ||   130
       Iskenderun's Myst |       |     3 ||     3
  Use: Scroll            |       |    10 ||    10
 Stab: Sleeping          |     1 |     4 ||     5
  Eat: Chunk             |       |     5 ||     5
Armor: Robe              |     1 |       ||     1
       Leather armour    |    12 |    11 ||    23
Dodge: Dodged            |    52 |    39 ||    91
